 Dungeon Crawl Stone Soup version 0.31.0-7-gf635a9b802 (webtiles) character file.

Game seed: 1023155397079444612

3930 Flugkiller the Destroyer (level 10, 51/72 HPs)
             Began as a Demonspawn Conjurer on Jan 23, 2024.
             Quit the game on level 8 of the Dungeon.
             The game lasted 00:10:08 (7682 turns).

Flugkiller the Destroyer (Demonspawn Conjurer)      Turns: 7682, Time: 00:10:09

Health: 51/72      AC: 21    Str: 18    XL:     10   Next: 1%
Magic:  13/20      EV: 10    Int: 25    God:
Gold:   253        SH:  0    Dex: 12    Spells: 12/23 levels left

rFire   + . .        g - +2 dagger (venom)
rCold   . . .        (no shield)
rNeg    . . .        H - +8 scale mail of Ruxohag {rElec Int+3}
rPois   .            p - +1 helmet {SInv}
rElec   +            k - +0 cloak
rCorr   .            (no gloves)
SInv    +            E - +0 pair of boots {rampage}
Will    .....        (no amulet)
Stlth   x              - ring "Piwump" {rF+ Str+4}
HPRegen 0.32/turn    d - +6 ring of strength
MPRegen 0.17/turn

%: rampage
@: no status effects
A: rugged brown scales 3, powered by pain 1, demonic touch 1
a: no special abilities


You were on level 8 of the Dungeon.
You visited 2 branches of the dungeon, and saw 9 of its levels.

You collected 554 gold pieces.
You spent 301 gold pieces at shops.

Inventory:

Hand Weapons
 g - a +2 dagger of venom (weapon)
   (You took it off a kobold on level 1 of the Dungeon)
 F - a +0 scimitar of flaming
   (You took it off Erica on level 8 of the Dungeon)
Missiles
 e - a throwing net
Armour
 c - +0 pearl dragon scales
   (You found it on level 3 of the Dungeon)
 k - a +0 cloak (worn)
   (You found it on level 2 of the Dungeon)
 p - a +1 helmet of see invisible (worn)
   (You bought it in a shop on level 4 of the Dungeon)
 E - a +0 pair of boots of rampaging (worn)
   (You found it on level 7 of the Dungeon)
 H - the +8 scale mail of Ruxohag (worn) {rElec Int+3}
   (You found it on level 8 of the Dungeon)

   Int+3:     It affects your intelligence (+3).
   rElec:     It insulates you from electricity.
Jewellery
 d - a +6 ring of strength (right hand)
   (You found it on level 4 of the Dungeon)
 i - a ring of see invisible
   (You found it on level 6 of the Dungeon)
 o - a ring of poison resistance
   (You found it on level 4 of the Dungeon)
 r - an amulet of faith
   (You took it off Erica on level 8 of the Dungeon)
 u - a ring of wizardry
   (You took it off a gnoll on level 5 of the Dungeon)
 x - the ring "Piwump" (left hand) {rF+ Str+4}
   (You bought it in a shop on level 4 of the Dungeon)

   [ring of protection from fire]

   Str+4:     It affects your strength (+4).
   rF+:       It protects you from fire.
 y - a +6 ring of dexterity
   (You took it off an orc on level 6 of the Dungeon)
Wands
 t - a wand of polymorph (16)
   (You took it off Ijyb on level 5 of the Dungeon)
 D - a wand of flame (8)
   (You found it on level 7 of the Dungeon)
Scrolls
 b - a scroll of silence
 l - a scroll of revelation
 z - a scroll of blinking
 B - a scroll of fear
 G - a scroll of vulnerability {unknown}
Potions
 f - 2 potions of mutation
 h - 3 potions of magic
 j - 2 potions of berserk rage
 m - 5 potions of brilliance
 n - a potion of resistance
 q - 4 potions of curing
 s - a potion of enlightenment
 v - a potion of ambrosia
 w - a potion of heal wounds
 A - 2 potions of invisibility
 C - a potion of might {unknown}


   Skills:
 + Level 2.4 Fighting
 + Level 1.0 Armour
 - Level 1.7 Dodging
 - Level 1.7 Stealth
 + Level 7.0 Spellcasting
 - Level 11.0 Conjurations
 - Level 4.0 Translocations
 - Level 4.0 Alchemy


You had 12 spell levels left.
You knew the following spells:

 Your Spells              Type           Power      Damage    Failure   Level
a - Magic Dart            Conj           100%       1d8       1%          1
b - Searing Ray           Conj           100%       2d8       1%          2
c - Fulminant Prism       Conj/Alch      23%        3d12      10%         4
d - Iskenderun's Mystic   Conj/Tloc      46%        2d10      10%         4

Your spell library contained the following spells:

 Spells                   Type           Power      Damage    Failure   Level
 Mephitic Cloud           Conj/Alch/Air  33%        N/A       9%          3
 Mercury Vapours          Alch/Air       36%        N/A       14%         2
 Summon Small Mammal      Summ           32%        N/A       22%         1
 Call Canine Familiar     Summ           8%         N/A       54%         3
 Freezing Cloud           Conj/Ice/Air   13%        6-21      80%         5
 Summon Blazeheart Golem  Fire/Summ      8%         N/A       91%         4


Dungeon Overview and Level Annotations

Branches:
Dungeon (8/15) Zot: 26012  Temple (1/1) D:4 Zot: 5998    Lair (0/5) D:8

Altars:
Ashenzari
Cheibriados
Dithmenos
Fedhas
Gozag
Hepliaklqana
Makhleb
Nemelex Xobeh
Okawaru
Qazlal
Ru
Sif Muna
Trog
Uskayaw
Vehumet
Wu Jian
Xom

Shops:
D:2 (   D:4 **(   D:8 =

Annotations:
D:3 Grinder
D:8 exclusion: oklob plant


Innate Abilities, Weirdness & Mutations

You are completely covered in rugged brown scales. (AC +3, +7% HP)
You sometimes gain a little power by taking damage.
Your touch may inflict minor irresistible damage on your foes.


Message History

The water moccasin bites you. The water moccasin barely misses you.
The searing ray hits the water moccasin.
The water moccasin is almost dead.
The water moccasin barely misses you.
The searing ray hits the water moccasin!
You kill the water moccasin!
An oklob plant comes into view.
Marking area around an oklob plant as unsafe for travelling.
You see here a scroll labelled SOMELL PUURR.
Okay, then.
Unknown command.
You're wearing all the rings you can.
Remove which one? (? for menu, Esc to cancel) < or
x - the ring "Piwump" {rF+ Str+4}; > or
o - a ring of poison resistance You remove your ring of poison resistance.
You feel stronger.
d - a +6 ring of strength (right hand)
You start resting.
Magic restored.
An orc comes into view. It is wielding a +0 club.
The orc shouts!
You hear a bellow!
Okay, then.
You rampage towards the orc!
Found a staircase to the Lair.
Casting: Searing Ray (safe; 1% risk of failure)
Confirm with . or Enter, or press ? or * to list all spells.
Aiming: Magic Dart (safe; 1% risk of failure)
Press: ? - help, Shift-Dir - straight line, f - orc
Aim: an orc, wielding a +0 club (100% to hit)
The magic dart hits the orc.
The orc is heavily wounded.
Casting: Magic Dart (safe; 1% risk of failure)
Confirm with . or Enter, or press ? or * to list all spells.
Aiming: Magic Dart (safe; 1% risk of failure)
Press: ? - help, Shift-Dir - straight line, f/p - orc
Aim: an orc, wielding a +0 club (heavily wounded, 100% to hit)
The magic dart hits the orc.
You kill the orc!
Unknown command.
A yak comes into view.
The yak bellows!
You hear a shout!
Casting: Magic Dart (safe; 1% risk of failure)
Confirm with . or Enter, or press ? or * to list all spells.
Aiming: Magic Dart (safe; 1% risk of failure)
Press: ? - help, Shift-Dir - straight line, f - yak
Aim: a yak (100% to hit)
The magic dart hits the yak.
The yak is lightly wounded.
Casting: Magic Dart (safe; 1% risk of failure)
Confirm with . or Enter, or press ? or * to list all spells.
Aiming: Magic Dart (safe; 1% risk of failure)
Press: ? - help, Shift-Dir - straight line, f/p - yak
Aim: a yak (lightly wounded, 100% to hit)
The magic dart hits the yak.
The yak is lightly wounded.
Casting: Magic Dart (safe; 1% risk of failure)
Confirm with . or Enter, or press ? or * to list all spells.
Aiming: Searing Ray (safe; 1% risk of failure)
Press: ? - help, Shift-Dir - straight line, f/p - yak
Aim: a yak (lightly wounded, 90% to hit)
The searing ray hits the yak!
The yak is moderately wounded. (Press . to maintain the ray.)
The yak gores you but does no damage.
The searing ray misses the yak.
The yak gores you but does no damage.
The searing ray hits the yak!
The yak is heavily wounded.
The yak gores you but does no damage.
The searing ray hits the yak!
The yak is heavily wounded.
You finish channelling your searing ray.
A yak comes into view.
The yak gores you but does no damage.
You hit the yak.
The yak is poisoned.
You touch the yak!
The yak is severely wounded.
A yak comes into view.
The yak attacks as it pursues you! The yak gores you!
The yak bellows!
You hit the yak but do no damage. Your touch misses the yak.
The yak is severely wounded.
You hear a shout!
A yak comes into view.
A yak comes into view.
The yak gores you!
You barely miss the yak.
The yak is severely wounded.
The yak bellows! x3
The yak closely misses you.
You hit the yak.
The yak looks as sick as possible!
Your touch misses the yak.
The yak is severely wounded.
The yak gores you but does no damage.
Unknown command.
The yak gores you but does no damage.
You hit the yak.
The yak looks as sick as possible!
You touch the yak.
You kill the yak!
Your Armour skill increases to level 1!
Your Spellcasting skill increases to level 7!
You have reached level 10!
Your demonic ancestry asserts itself...
You feel energised by your suffering.
Are you sure you want to abandon this character and quit the game? (Confirm with "yes".)

.....P..#####......?...
.♣....♣....#...........
...Y..)....#...........
.♣.............#......
............#....##.#.#
..........Y##..?......#
...>♣....♣YY......>####
...........##...#....##
............#.@........
..P...........#........
#####
.........##.##...#.#.#
#.#.#
.........##...........
.....
.....P..###.....#.#.#
#.#.#
.....#..............
..... #..#.......#.#.#
#.#.# .. #
#.###........ ..... .
... ..#.......#.#.#
#.#.#


You could see 2 yaks.

Vanquished Creatures
  Erica (D:8)
  Prince Ribbit (D:5)
  A yak (D:8)
  Sigmund (D:3)
  2 wyverns
  5 water moccasins
  An ice beast (D:5)
  2 sky beasts (D:6)
  4 ogres
  3 centaurs
  A phantom (D:4)
  2 bullfrogs
  A scorpion (D:5)
  A bombardier beetle (D:5)
  2 jellies (D:5)
  3 orc priests
  4 hounds
  Ijyb (D:5)
  2 sleepcaps
  3 iguanas
  4 orc wizards (D:7)
  13 adders
  11 gnolls
  3 shadow imps (D:7)
  2 white imps
  2 dart slugs
  A ribbon worm (D:4)
  22 orcs
  5 ball pythons
  2 bats
  9 endoplasms
  2 giant cockroaches (D:1)
  7 goblins
  9 hobgoblins
  4 jackals
  7 quokkas
  5 frilled lizards
  8 kobolds
  4 rats
161 creatures vanquished.

Vanquished Creatures (others)
  A fulminant prism (D:8)
1 creature vanquished.

Grand Total: 162 creatures vanquished

Notes
Turn   | Place    | Note
-------+----------+-------------------------------------------
     0 | D:1      | Flugkiller the Demonspawn Conjurer began the quest for the
                  | Orb.
     0 | D:1      | Reached XP level 1. HP: 13/13 MP: 3/3
   349 | D:1      | Gained mutation: Your touch may inflict minor irresistible
                  | damage on your foes. [demonic ancestry]
   349 | D:1      | Reached XP level 2. HP: 19/19 MP: 1/5
   694 | D:1      | Gained mutation: You are partially covered in rugged brown
                  | scales. (AC +1, +3% HP) [demonic ancestry]
   694 | D:1      | Reached XP level 3. HP: 19/24 MP: 2/6
   992 | D:2      | Reached skill level 5 in Conjurations
   996 | D:2      | Learned a level 2 spell: Searing Ray
  1143 | D:2      | Reached XP level 4. HP: 30/30 MP: 2/8
  1147 | D:2      | Found a faded altar of an unknown god.
  1429 | D:2      | Found Byxyrph's Antique Weapon Shop.
  1617 | D:3      | Found a bloodstained altar of Trog.
  2114 | D:3      | Reached XP level 5. HP: 27/36 MP: 0/9
  2219 | D:3      | Noticed Sigmund
  2238 | D:3      | Killed Sigmund
  2239 | D:3      | Reached skill level 1 in Fighting
  2239 | D:3      | Reached skill level 6 in Conjurations
  2239 | D:3      | Gained mutation: You are mostly covered in rugged brown
                  | scales. (AC +2, +5% HP) [demonic ancestry]
  2239 | D:3      | Reached XP level 6. HP: 23/45 MP: 3/11
  2537 | D:3      | Noticed Grinder
  3112 | D:4      | Found Wakhioc's Antique Weapon Shoppe.
  3239 | D:4      | Found Mibadefe's General Store.
  3248 | D:4      | Bought a +1 helmet of see invisible for 181 gold pieces
  3397 | D:4      | Reached skill level 7 in Conjurations
  3397 | D:4      | Reached XP level 7. HP: 47/52 MP: 9/13
  3487 | D:4      | Found a staircase to the Ecumenical Temple.
  3603 | D:4      | Found Ceut's Assorted Antiques.
  3897 | D:5      | Entered Level 5 of the Dungeon
  4066 | D:5      | Learned a level 4 spell: Fulminant Prism
  4071 | D:5      | Learned a level 4 spell: Iskenderun's Mystic Blast
  4096 | D:5      | Noticed Ijyb
  4111 | D:5      | Killed Ijyb
  4137 | D:5      | Reached skill level 1 in Alchemy
  4254 | D:5      | Reached skill level 1 in Translocations
  4354 | D:5      | Reached skill level 8 in Conjurations
  4382 | D:5      | Reached XP level 8. HP: 57/58 MP: 4/15
  4542 | D:5      | Reached skill level 5 in Spellcasting
  4758 | D:5      | Noticed Prince Ribbit
  4781 | D:5      | Killed Prince Ribbit
  5029 | D:4      | Bought a bound lapis lazuli ring for 120 gold pieces
  5029 | D:4      | Identified the ring "Piwump" {rF+ Str+4} (You bought it in
                  | a shop on level 4 of the Dungeon)
  5173 | D:6      | Reached skill level 9 in Conjurations
  5220 | Temple   | Entered the Ecumenical Temple
  5615 | D:6      | Identified the +4 falchion of Ad Valorem {vamp, rC+++ Str-4
                  | SInv Stlth-}
  5775 | D:7      | Gained mutation: You are completely covered in rugged brown
                  | scales. (AC +3, +7% HP) [demonic ancestry]
  5775 | D:7      | Reached XP level 9. HP: 40/65 MP: 5/17
  6914 | D:8      | Noticed Erica
  7004 | D:7      | Reached skill level 10 in Conjurations
  7410 | D:8      | Found Huusoh's Jewellery Shoppe.
  7470 | D:8      | Killed Erica
  7471 | D:8      | Reached skill level 11 in Conjurations
  7553 | D:8      | Identified the +8 scale mail of Ruxohag {rElec Int+3}
  7586 | D:8      | Noticed an oklob plant
  7657 | D:8      | Found a staircase to the Lair.
  7680 | D:8      | Reached skill level 1 in Armour
  7680 | D:8      | Gained mutation: You sometimes gain a little power by
                  | taking damage. [demonic ancestry]
  7680 | D:8      | Reached XP level 10. HP: 50/72 MP: 13/20
  7682 | D:8      | Quit the game

Illustrated notes

Levels and vault maps discovered:
D:1:      dpeg_arrival_chambers_temple_mockup, layout_loops_ring,
          patterned_corridor
D:2:      layout_basic, hellmonk_ecumenical_altar_prayer_group, serial_shops,
          shop
D:3:      cheibrodos_pilgrimage, layout_basic, trog_three_pillars_becter,
          uniq_sigmund, uniq_grinder
D:4:      layout_basic, minmay_temple_entry_from_below_a, serial_shops, shop,
          nicolae_shop_tiny_statue_garden, nicolae_shop_dealshenge,
          roderic_lattice_a, kennysheep_crisscross, minmay_misc_feat_tiny,
          minivault_26
D:5:      layout_basic, uniq_ijyb, uniq_prince_ribbit1
D:6:      layout_loops_ring, kennysheep_potato
D:7:      layout_basic, minmay_quadrilaterals
D:8:      layout_cave_pools, jmf_multi_god_temple2, minmay_lair_entry_grove,
          serial_shops, nicolae_shop_gaudy_bauble, hangedman_decor_peaks_small,
          st_stairs_12, disabler_island, uniq_erica
Temple:   mainiacjoe_temple_bowtie_tessellation

Skill      XL: |  1  2  3  4  5  6  7  8  9 |
---------------+----------------------------+-----
Conjurations   | 5 6 7 8 9 11 | 11.0
Spellcasting   | 3 4 5 7 |  7.0
Fighting       | 1 2 |  2.4
Alchemy        | 1 3 4 |  4.0
Translocations | 1 3 4 |  4.0
Armour         | 1 |  1.0
Dodging        | |  1.7
Stealth        | |  1.7

Action                     |  1- 3 |  4- 6 |  7- 9 | 10-12 || total
---------------------------+-------+-------+-------+-------++-------
  Melee: Unarmed           |    13 |       |       |       ||    13
         Touch             |     6 |     8 |    19 |       ||    33
         Dagger            |    13 |    26 |   138 |       ||   177
   Cast: Magic Dart        |    65 |    75 |   141 |       ||   281
         Searing Ray       |       |     3 |    32 |       ||    35
         Iskenderun's Myst |       |       |     6 |       ||     6
         Fulminant Prism   |       |       |     1 |       ||     1
    Use: Potion            |     1 |     1 |       |       ||     2
         Scroll            |       |    11 |     3 |       ||    14
   Stab: Sleeping          |     1 |       |     1 |       ||     2
 Armour: Robe              |    16 |    20 |   162 |       ||   198
         Scale mail        |       |       |     9 |       ||     9
  Dodge: Dodged            |    26 |    15 |   149 |       ||   190
